 Dungeon Crawl Stone Soup version 0.23-a0-767-gdc19b93d68 (webtiles) character file.

161801 Morbidden the Brawler (level 17, -9/165 HPs)
             Began as a Troll Berserker on Jan 19, 2019.
             Was a High Priest of Trog.
             Mangled by a swamp worm (19 damage)
             ... on level 4 of the Swamp.
             The game lasted 01:26:15 (22731 turns).

Morbidden the Brawler (Troll Berserker)            Turns: 22731, Time: 01:26:16

Health: -9/165     AC: 17    Str: 34    XL:     17   Next: 20%
Magic:  0/19       EV: 19    Int:  3    God:    Trog [*****.]
Gold:   1095       SH: 12    Dex: 12    Spells: 16/16 levels left

rFire    . . .     SeeInvis .     - Unarmed
rCold    . . .     Gourm    +   K - +0 shield
rNeg     . . .     Faith    .   F - +4 troll leather armour
rPois    .         Spirit   +   C - +2 hat {MR+}
rElec    .         Reflect  .   y - +2 cloak
rCorr    .         Harm     .   (gloves unavailable)
MR       ++...                  (boots unavailable)
Stlth    +.........             v - amulet of guardian spirit
HPRegen  1.17/turn              p - ring of Charity {Wiz Slay+3}
MPRegen  0.16/turn              Y - ring "Bonorhe" {EV+4 Str+3 Slay+4}

@: berserk cooldown, very slightly contaminated, hasted and slowed, very slow
A: large, unfitting armour, claws 3, fast metabolism 3, gourmand, low mp 1,
regeneration 1, shaggy fur 1, tough skin 2
a: Berserk, Trog's Hand, Brothers in Arms, Renounce Religion


You were on level 4 of the Swamp.
You worshipped Trog.
Trog was extremely pleased with you.
You were full.

You visited 4 branches of the dungeon, and saw 27 of its levels.
You also visited: Ossuary.

You collected 2468 gold pieces.
You spent 1373 gold pieces at shops.

Inventory:

Missiles
 U - 22 large rocks (quivered)
Armour
 a - a +2 robe of fire resistance
 y - a +2 cloak (worn)
 C - a +2 hat of magic resistance (worn)
 F - a +4 troll leather armour (worn)
 G - a +1 robe of cold resistance
 K - a +0 shield (worn)
Jewellery
 d - an uncursed ring of flight
 p - the ring of Charity (left claw) {Wiz Slay+3}
   (You bought it in a shop on level 10 of the Dungeon)

   [ring of wizardry]

   It improves your spell success rate.
   It affects your accuracy and damage with ranged weapons and melee attacks
   (+3).
 v - an amulet of guardian spirit (around neck)
 w - an uncursed ring of protection from magic
 D - an uncursed ring of protection from cold
 M - an uncursed ring of resist corrosion
 V - a cursed amulet of inaccuracy {unknown}
 Y - the ring "Bonorhe" (right claw) {EV+4 Str+3 Slay+4}
   (You bought it in a shop on level 1 of the Orcish Mines)

   [ring of evasion]

   It affects your evasion (+4).
   It affects your strength (+3).
   It affects your accuracy and damage with ranged weapons and melee attacks
   (+4).
Wands
 l - a wand of digging (26)
 t - a wand of random effects (47)
 I - a wand of paralysis (6)
 J - a wand of flame (70)
 L - a wand of clouds (1)
 N - a wand of iceblast (3)
 R - a wand of disintegration (28)
Scrolls
 c - 10 scrolls of remove curse
 g - 4 scrolls of magic mapping
 k - 4 scrolls of fog
 m - 10 scrolls of teleportation
 x - 2 scrolls of immolation
 B - 2 scrolls of torment
 E - 3 scrolls of identify
 S - a scroll of silence {unknown}
 T - a scroll of random uselessness {unknown}
 X - a scroll of vulnerability {unknown}
Potions
 f - 6 potions of mutation
 h - 3 potions of lignification
 i - 3 potions of agility
 j - 13 potions of curing
 n - 2 potions of berserk rage
 o - 2 potions of haste
 q - 7 potions of flight
 r - 4 potions of resistance
 u - 7 potions of might
 A - 5 potions of brilliance
 H - a potion of cancellation
Miscellaneous
 P - a phial of floods (inert)
 Q - a sack of spiders
Comestibles
 b - 60 rations


   Skills:
 * Level 9.8 Fighting
 * Level 3.7 Throwing
 - Level 4.4 Armour
 * Level 11.9 Dodging
 - Level 0.7 Stealth
 + Level 7.3 Shields
 + Level 20.4 Unarmed Combat
 + Level 7.9 Evocations


You had 16 spell levels left.
You didn't know any spells.
Your spell library was empty.

Dungeon Overview and Level Annotations

Branches:
Dungeon (15/15)            Temple (0/1) D:5            Lair (6/6) D:11
  Swamp (4/4) Lair:2        Snake (0/4) Lair:3        Slime (0/5) Lair:6
    Orc (2/2) D:10            Elf (0/3) Orc:2        Vaults (0/5) D:13
 Depths (0/5) D:15

Altars:
Cheibriados
Dithmenos
Fedhas
Okawaru
Ru
Trog
Wu Jian
Xom
Yredelemnul
Zin
The Shining One
Beogh

Shops:
D:6 !   D:10 *=([   D:14 !(   Orc:1 =   Orc:2 *?*%

Annotations:
D:8 exclusion: 2 doors


Innate Abilities, Weirdness & Mutations

You are too large for most types of armour.
You have claws for hands.
Your metabolism is lightning-fast.
You like to eat raw meat.
Your natural rate of healing is unusually fast.
You are covered in fur. (AC +1)
You have very tough skin. (AC +2)
Your magical capacity is low. (-10% MP)


Message History

* * * LOW HITPOINT WARNING * * *
Unknown command.
Unknown command.
Unknown command.
Unknown command.
Unknown command.
Unknown command.
Unknown command.
Unknown command.
Unknown command.
Unknown command.
Unknown command.
Unknown command.
Unknown command.
Unknown command.
Unknown command.
Unknown command.
Unknown command.
You feel better. The swamp worm bites you!!
You die...

≈≈≈≈§≈≈≈♣
≈≈≈≈≈≈≈≈# ≈≈.≈≈
.♣# .≈≈ ..≈♣ #
♣♣≈♣♣≈≈≈≈ #♣
♣≈.♣≈≈≈..≈ ♣.
≈≈≈♣♣♣♣i..♣♣♣..≈
≈§
≈≈.≈≈.≈DDD≈≈≈§.≈
≈§
≈≈≈≈≈≈≈J@≈i≈§.≈≈
≈≈
≈≈§≈≈≈≈wJ≈≈≈.≈≈≈
≈≈ ♣ ♣♣
≈≈§≈≈≈≈≈.....≈≈.
♣ ♣ ≈♣♣
..!≈≈≈≈≈J...≈♣♣♣
♣♣.≈♣
....≈≈≈≈≈♣♣♣♣♣
≈≈≈♣♣ %(.≈.≈≈≈§♣
≈≈≈≈♣ ♣≈♣≈.≈≈≈.≈
.≈f.♣ ♣♣.§≈≈♣§
♣§J§i≈.≈§


You could see 2 six-headed hydras, a four-headed hydra, 3 slime creatures, 2
spriggan riders and a swamp worm.

Vanquished Creatures
  Gastronok (D:11)
  2 thorn hunters
  A fire giant (D:15)
  An orc warlord (Orc:1)
  4 stone giants
  A very ugly thing (Swamp:4)
  The ghost of Cuipn the Blocker, a journeyman MiFi of Uskayaw (D:14)
  Azrael (D:12)
  Snorg (D:10)
  Erolcha (D:9)
  A yaktaur captain (D:15)
  Harold (D:11)
  8 vault guards (D:13)
  Fannar (Lair:1)
  2 ghost crabs (Swamp:2)
  24 hydras
  A shambling mangrove (Swamp:2)
  Erica (D:9)
  4 catoblepae (Lair:6)
  4 centaur warriors
  9 two-headed ogres
  2 tengu warriors
  11 alligators
  Urug (Lair:1)
  An ogre mage (D:15)
  12 death yaks
  6 orc high priests
  Nergalle (Lair:3)
  5 swamp dragons
  An unseen horror (D:13)
  A lindwurm (Lair:6)
  9 orc knights
  3 orc sorcerers
  A cyclops (D:15)
  6 manticores
  A moth of wrath (Lair:3)
  7 ugly things
  6 elephants
  Psyche (D:12)
  Maurice (D:9)
  3 centaur zombies (D:14)
  3 gargoyles
  5 black mambas
  9 spiny frogs
  A rime drake (Lair:2)
  3 kobold demonologists
  3 komodo dragons
  A tengu conjurer (D:15)
  An efreet (D:14)
  A redback zombie (D:14)
  11 trolls
  14 tyrant leeches
  A queen bee (D:11)
  3 polar bears
  A jumping spider (D:13)
  A hornet (Swamp:2)
  11 slime creatures
  2 dream sheep
  3 bog bodies
  A meliai zombie (D:11)
  11 blink frogs
  3 redbacks (D:13)
  15 hippogriffs
  5 shadows
  Sigmund (D:3)
  2 spriggans
  A wraith (D:15)
  71 yaks
  2 tarantellas (D:13)
  4 wyverns
  2 vampires
  A basilisk (shapeshifter) (D:15)
  3 basilisks
  2 fire elementals (D:12)
  26 vampire mosquitoes
  A steam dragon (D:8)
  13 insubstantial wisps
  2 acid dragons
  3 wargs
  10 swamp worms
  5 nagas (Lair:3)
  10 water moccasins
  Duvessa (D:5)
  3 porcupines
  A hell hound (D:12)
  9 swamp drakes
  An eye of draining (D:14)
  2 sky beasts
  2 black bears
  43 orc warriors
  An ice beast (D:9)
  2 necrophages (D:11)
  3 wolves (Lair:5)
  13 ogres
  7 crocodiles
  9 centaurs
  3 big kobolds
  16 bullfrogs
  3 water moccasin zombies (Ossuary)
  A wyvern skeleton (D:14)
  A wyvern zombie (D:8)
  Dowan (D:5)
  8 scorpions
  22 killer bees
  3 wights (D:9)
  3 electric eels
  A howler monkey (D:7)
  10 crimson imps
  A bullfrog zombie (D:12)
  7 hounds
  5 jellies
  38 orc priests
  31 orc wizards
  A bullfrog skeleton (D:5)
  2 iguanas
  6 worker ants
  A killer bee zombie (D:10)
  4 big kobold zombies (Ossuary)
  A hound zombie (D:5)
  2 mummies (Ossuary)
  A worker ant zombie (D:8)
  3 gnolls (Orc:1)
  14 adders
  4 shadow imps
  An ooze (D:4)
  An adder skeleton (D:4)
  5 adder zombies
  A worm (D:2)
  A dart slug (D:4)
  4 leopard geckos
  104 orcs
  3 ball pythons (D:3)
  4 giant cockroaches
  2 gnoll zombies (Ossuary)
  11 hobgoblins
  17 jackals
  12 kobolds
  4 quokkas
  10 bats
  9 frilled lizards
  7 goblins
  4 hobgoblin zombies (Ossuary)
  3 kobold zombies (Ossuary)
  6 orc zombies (Ossuary)
  2 quokka skeletons
  9 rats
  4 briar patches (Swamp:3)
  A fungus (Lair:3)
  2 plants (D:11)
934 creatures vanquished.

Vanquished Creatures (collateral kills)
  A tentacled monstrosity (Swamp:3)
  A thorn hunter (Swamp:4)
  The ghost of Paoskyzo the Geomancer, a journeyman GrEE of Vehumet (Orc:1)
  A minotaur (D:14)
  2 dire elephants (Lair:3)
  The ghost of Miwiyf the Severer, a journeyman DDFi of Makhleb (Lair:3)
  2 hydras (Swamp:4)
  A centaur warrior (D:14)
  A death yak (Lair:2)
  An unseen horror (D:14)
  A swamp dragon (Swamp:4)
  A phantasmal warrior (D:15)
  A deep elf mage (D:15)
  An orc knight (Orc:1)
  A cyclops (D:14)
  An orc sorcerer (Orc:1)
  An ugly thing (D:12)
  A moth of wrath (Lair:3)
  A spiny frog (Lair:6)
  5 slime creatures
  A hippogriff (Lair:6)
  A dream sheep (D:8)
  2 hornets (Swamp:4)
  A spriggan (Swamp:4)
  2 fire elementals (D:12)
  16 yaks
  2 vampire mosquitoes (Swamp:4)
  A hungry ghost (D:12)
  An insubstantial wisp (Swamp:3)
  3 hell hounds (D:12)
  2 swamp worms (Swamp:4)
  2 orc warriors (Orc:2)
  A swamp drake (Swamp:4)
  A bullfrog (Lair:3)
  5 killer bees (D:11)
  4 orc priests
  A worker ant (D:12)
  9 orcs
  A fungus (Lair:2)
82 creatures vanquished.

Vanquished Creatures (others)
  4 dream sheep (Lair:5)
  An orc wizard (D:10)
  An orc (Orc:2)
  A briar patch (Swamp:3)
  9 fungi
  6 plants
  8 toadstools (Lair:3)
30 creatures vanquished.

Grand Total: 1046 creatures vanquished

Notes
Turn   | Place    | Note
-------+----------+-------------------------------------------
     0 | D:1      | Morbidden the Troll Berserker began the quest for the Orb.
     0 | D:1      | Reached XP level 1. HP: 22/22 MP: 0/0
   137 | D:1      | Reached XP level 2. HP: 29/29 MP: 1/1
   406 | D:1      | Reached ** piety under Trog
   691 | D:2      | Reached XP level 3. HP: 30/36 MP: 2/2
   957 | D:2      | Reached skill level 4 in Unarmed Combat
  1161 | D:3      | Noticed Sigmund
  1165 | D:3      | Reached XP level 4. HP: 38/44 MP: 3/3
  1174 | D:3      | Killed Sigmund
  1174 | D:3      | Reached skill level 5 in Unarmed Combat
  1174 | D:3      | Reached XP level 5. HP: 28/52 MP: 4/4
  1509 | D:3      | Reached XP level 6. HP: 58/59 MP: 5/5
  1550 | D:3      | Noticed an orc warrior
  1552 | D:3      | Reached skill level 6 in Unarmed Combat
  1559 | D:3      | Killed an orc warrior
  1583 | D:3      | Reached *** piety under Trog
  1866 | D:4      | Reached skill level 7 in Unarmed Combat
  1989 | D:4      | Reached XP level 7. HP: 67/67 MP: 6/6
  2106 | D:4      | Found a sand-covered staircase.
  2110 | Ossuary  | Entered an ossuary
  2197 | Ossuary  | Reached **** piety under Trog
  2212 | Ossuary  | Reached skill level 8 in Unarmed Combat
  2671 | D:5      | Entered Level 5 of the Dungeon
  2742 | D:5      | Noticed Duvessa
  2743 | D:5      | Noticed Dowan
  2748 | D:5      | Killed Duvessa
  2748 | D:5      | Reached XP level 8. HP: 75/75 MP: 7/7
  2757 | D:5      | Reached skill level 9 in Unarmed Combat
  2762 | D:5      | Killed Dowan
  2940 | D:5      | Reached ***** piety under Trog
  2979 | D:5      | Found a staircase to the Ecumenical Temple.
  3344 | D:6      | Found Ceretich's Distillery.
  3353 | D:6      | Bought a potion of resistance for 120 gold pieces
  3374 | D:6      | Found a glowing golden altar of the Shining One.
  3376 | D:6      | Noticed an angel
  3388 | D:6      | Found a basalt altar of Yredelemnul.
  3657 | D:6      | Found a basalt altar of Yredelemnul.
  3837 | D:7      | Found a shadowy altar of Dithmenos.
  3908 | D:7      | Reached skill level 10 in Unarmed Combat
  3916 | D:7      | Noticed a hippogriff
  3920 | D:7      | Killed a hippogriff
  4045 | D:7      | Reached XP level 9. HP: 72/83 MP: 8/8
  4286 | D:7      | Reached skill level 11 in Unarmed Combat
  4675 | D:8      | Noticed a three-headed hydra
  4724 | D:8      | Reached skill level 12 in Unarmed Combat
  4920 | D:8      | Received a gift from Trog
  5440 | D:8      | Reached skill level 5 in Dodging
  5475 | D:8      | Reached XP level 10. HP: 91/92 MP: 9/9
  5800 | D:9      | Reached skill level 13 in Unarmed Combat
  6118 | D:9      | Found an ornate altar of the Wu Jian Council.
  6118 | D:9      | Found a faded altar of an unknown god.
  6127 | D:9      | Found a faded altar of an unknown god.
  6129 | D:9      | Found a snail-covered altar of Cheibriados.
  6131 | D:9      | Found a blossoming altar of Fedhas.
  6180 | D:9      | Noticed Erica
  6201 | D:9      | Killed Erica
  6349 | D:9      | Noticed Maurice
  6364 | D:9      | Killed Maurice
  6364 | D:9      | Reached skill level 1 in Evocations
  6395 | D:9      | Reached skill level 1 in Armour
  6498 | D:9      | Found a glowing silver altar of Zin.
  6513 | D:9      | Noticed Erolcha
  6526 | D:9      | Killed Erolcha
  6604 | D:9      | Found an iron altar of Okawaru.
  6716 | D:9      | Found a sacrificial altar of Ru.
  6843 | D:10     | Entered Level 10 of the Dungeon
  6843 | D:10     | Found Jathejushe's Jewellery Emporium.
  6863 | D:10     | Found Tubagh's Weapon Boutique.
  6878 | D:10     | Noticed a two-headed ogre
  6879 | D:10     | Found Funapopi's Assorted Antiques.
  6883 | D:10     | Killed a two-headed ogre
  6883 | D:10     | Reached XP level 11. HP: 82/101 MP: 11/11
  6890 | D:10     | Bought a knobbly marble ring for 120 gold pieces
  6890 | D:10     | Bought a flickering jade ring for 120 gold pieces
  6893 | D:10     | Identified the ring of Charity {Wiz Slay+3} (You bought it
                  | in a shop on level 10 of the Dungeon)
  7012 | D:10     | Received a gift from Trog
  7023 | D:10     | Reached skill level 14 in Unarmed Combat
  7029 | D:10     | Found a staircase to the Orcish Mines.
  7155 | D:10     | Found Noonasm's Antique Armour Boutique.
  7164 | D:10     | Noticed Snorg
  7174 | D:10     | Killed Snorg
  7174 | D:10     | Reached skill level 5 in Fighting
  7756 | D:11     | Noticed Gastronok
  7757 | D:11     | Noticed Harold
  7796 | D:11     | Killed Harold
  7796 | D:11     | Reached skill level 15 in Unarmed Combat
  7803 | D:11     | Killed Gastronok
  7900 | D:11     | Reached XP level 12. HP: 32/111 MP: 8/13
  8331 | D:11     | Found a staircase to the Lair.
  8558 | Lair:1   | Entered Level 1 of the Lair of Beasts
  8566 | Lair:1   | Noticed a six-headed hydra
  8584 | Lair:1   | Killed an eight-headed hydra
  8692 | Lair:1   | Noticed Fannar
  8748 | Lair:1   | Killed Fannar
  8997 | Lair:1   | Noticed Urug
  9012 | Lair:1   | Killed Urug
  9012 | Lair:1   | Reached skill level 16 in Unarmed Combat
  9218 | Lair:2   | Got a twisted buckler
  9325 | Lair:2   | Noticed a death yak
  9326 | Lair:2   | Noticed a death yak
  9327 | Lair:2   | Noticed a death yak
  9327 | Lair:2   | Noticed a death yak
  9327 | Lair:2   | Noticed a death yak
  9327 | Lair:2   | Noticed a death yak
  9342 | Lair:2   | Killed a death yak
  9345 | Lair:2   | Killed a death yak
  9348 | Lair:2   | Killed a death yak
  9354 | Lair:2   | Killed a death yak
  9359 | Lair:2   | Killed a death yak
  9359 | Lair:2   | Reached XP level 13. HP: 35/120 MP: 5/15
  9596 | Lair:2   | Found a staircase to the Swamp.
 10190 | Lair:3   | Noticed Miwiyf's ghost (journeyman DDFi)
 10262 | Lair:3   | Noticed Nergalle
 10278 | Lair:3   | Killed Nergalle
 10278 | Lair:3   | Reached skill level 1 in Shields
 10362 | Lair:3   | Reached skill level 17 in Unarmed Combat
 10369 | Lair:3   | Found a staircase to the Snake Pit.
 10477 | Lair:3   | Found a runed door.
 10717 | Lair:3   | Found a transporter.
 10731 | Lair:3   | Found a transporter.
 10886 | Lair:3   | Noticed a dire elephant
 10892 | Lair:3   | Noticed a dire elephant
 11016 | Lair:3   | Killed a dire elephant
 11048 | Lair:3   | Killed a dire elephant
 11074 | Lair:3   | Got a steaming steel ring
 11076 | Lair:3   | Identified the ring of Elitism {*Tele Dex+4} (You found it
                  | on level 3 of the Lair of Beasts)
 11220 | Lair:3   | Killed Miwiyf's ghost
 11223 | Lair:3   | Got an ancient steel ring
 11241 | Lair:3   | Identified the ring "Derun" {*Tele MR+} (You found it on
                  | level 3 of the Lair of Beasts)
 11344 | Lair:4   | Reached skill level 5 in Evocations
 12896 | Lair:5   | Reached XP level 14. HP: 133/133 MP: 17/17
 13009 | Lair:5   | Found a shimmering altar of Xom.
 13505 | Lair:6   | Entered Level 6 of the Lair of Beasts
 13642 | Lair:6   | Found a staircase to the Slime Pits.
 13948 | Lair:6   | Received a gift from Trog
 14241 | Lair:6   | Reached skill level 18 in Unarmed Combat
 14788 | D:12     | Noticed Psyche
 14792 | D:12     | Killed Psyche
 14966 | D:12     | Noticed Azrael
 14988 | D:12     | Killed Azrael
 15149 | D:12     | Reached skill level 5 in Shields
 15428 | D:13     | Reached skill level 10 in Dodging
 15530 | D:13     | Received a gift from Trog
 15649 | D:13     | Reached XP level 15. HP: 90/143 MP: 15/18
 15775 | D:13     | Found a gate to the Vaults.
 16134 | D:14     | Found Zokhly's Distillery.
 16147 | D:14     | Bought 2 potions of heal wounds for 110 gold pieces
 16147 | D:14     | Bought a potion of heal wounds for 55 gold pieces
 16147 | D:14     | Bought a potion of heal wounds for 55 gold pieces
 16347 | D:14     | Noticed Cuipn's ghost (journeyman MiFi)
 16369 | D:14     | Found a runed gate.
 16369 | D:14     | Found a runed gate.
 16369 | D:14     | Found a runed gate.
 16399 | D:14     | Killed Cuipn's ghost
 16587 | D:14     | Found Kuhoitin's Weapon Boutique.
 16774 | D:15     | Entered Level 15 of the Dungeon
 16964 | D:15     | Found a staircase to the Depths.
 16967 | D:15     | Noticed a fire giant
 17200 | D:15     | Received a gift from Trog
 17276 | D:15     | Killed a fire giant
 17317 | D:15     | Reached skill level 19 in Unarmed Combat
 17766 | Orc:1    | Entered Level 1 of the Orcish Mines
 17802 | Orc:1    | Found a transporter.
 17806 | Orc:1    | Noticed Paoskyzo's ghost (journeyman GrEE)
 17807 | Orc:1    | Found a transporter.
 17875 | Orc:1    | Killed Paoskyzo's ghost
 18021 | Orc:1    | Found a transporter.
 18159 | Orc:1    | Found Vituiz's Jewellery Shop.
 18167 | Orc:1    | Bought the ring "Bonorhe" {EV+4 Str+3 Slay+4} for 793 gold
                  | pieces
 18524 | Orc:1    | Found a roughly hewn altar of Beogh.
 18524 | Orc:1    | Found a transporter.
 18524 | Orc:1    | Noticed an orc warlord
 18835 | Orc:1    | Received a gift from Trog
 18838 | Orc:1    | Killed an orc warlord
 19009 | Orc:2    | Entered Level 2 of the Orcish Mines
 19009 | Orc:2    | Found a staircase to the Elven Halls.
 19010 | Orc:2    | Found a roughly hewn altar of Beogh.
 19087 | Orc:2    | Reached XP level 16. HP: 154/154 MP: 20/20
 19261 | Orc:2    | Found a bloodstained altar of Trog.
 19311 | Orc:2    | Gained mutation: Your magical capacity is low. (-10% MP) [a
                  | neqoxec]
 19590 | Orc:2    | Found Pinemn's Food Shop.
 19590 | Orc:2    | Found Teumiesm's Assorted Antiques.
 19591 | Orc:2    | Found Sugh's Assorted Antiques.
 19591 | Orc:2    | Found Nicsiol's Magic Scroll Boutique.
 20027 | Swamp:1  | Entered Level 1 of the Swamp
 20764 | Swamp:2  | Received a gift from Trog
 20780 | Swamp:2  | Reached skill level 1 in Throwing
 20956 | Swamp:2  | You fall through a shaft!
 20958 | Swamp:3  | Noticed a thorn hunter
 20982 | Swamp:3  | Killed a thorn hunter
 21041 | Swamp:3  | Noticed a tentacled monstrosity
 21054 | Swamp:3  | Killed a tentacled monstrosity
 21190 | Swamp:3  | Reached skill level 20 in Unarmed Combat
 21605 | Swamp:3  | Received a gift from Trog
 21948 | Swamp:2  | Reached ****** piety under Trog
 22363 | Swamp:4  | Entered Level 4 of the Swamp
 22374 | Swamp:4  | Noticed a thorn hunter
 22455 | Swamp:4  | Killed a thorn hunter
 22455 | Swamp:4  | Reached XP level 17. HP: 104/165 MP: 11/19
 22724 | Swamp:4  | HP: 6/165 [six-headed hydra (5)]
 22730 | Swamp:4  | HP: 2/165 [spriggan rider/+0 spear (7)]
 22731 | Swamp:4  | Mangled by a swamp worm

Vault maps used:
D:1:      elethiomel_arrival_diamonds
D:3:      minmay_lizard_king, uniq_sigmund
D:4:      enter_ossuary_5
D:5:      minmay_temple_entry_from_below_a, first_ration,
          grunt_decor_mini_mirrors, uniq_duvessa
D:6:      grunt_temple_overflow_holy_war, serial_shops, shop,
          kennysheep_flooded_box
D:7:      grunt_dithmenos_smoke
D:8:      minmay_bubble_buster, hangedman_ranch, nicolae_benzene_ring
D:9:      kennysheep_mini, chequers_temple_overflow_minitemple,
          kennysheep_mini_moat, basic_altar, kennysheep_opposing_triangles,
          uniq_maurice, uniq_erolcha, uniq_erica
D:10:     hiddenorc2_lemuel, serial_shops, shop, shop_fountains, shop, shop,
          hangedman_decor_push, uniq_snorg
D:11:     david_lair_shrubbed, special_room, uniq_gastronok, uniq_harold
D:12:     kennysheep_small_spiral, uniq_azrael, uniq_psyche
D:13:     erik_vaults_2, lemuel_flame_loot_1
D:14:     maelrawn_ghost_gauntlet_escape, hex_intersection, serial_shops, shop,
          kennysheep_little_box, minmay_misc_feat_enclosed
D:15:     grunt_enter_depths_giant_problem, nrook_uturn, dispersion_dpeg
Lair:1:   special_room, infiniplex_staircase_pool_2, uniq_urug, uniq_fannar
Lair:2:   minmay_swamp_entry_swarm
Lair:3:   gammafunk_lair_enchanted_lake, minmay_snake_entry_guardpost_medium,
          gammafunk_ghost_berserking_beasts, uniq_nergalle
Lair:4:   grunt_megastairs_2
Lair:5:   nicolae_quartered_pool_super, kb_xom_exploding_sheep
Lair:6:   evilmike_catoblepas_cave, nicolae_slime_entry_slimehenge,
          grunt_megastairs_3
Swamp:1:  infiniplex_staircase_pool
Swamp:2:  evilmike_swamp_ruin_house_1
Swamp:3:  hangedman_swamp_lotus, swamp_pool1, cheibrodos_swamp_pet_leeches
Swamp:4:  swamp
Orc:1:    gammafunk_beogh_shrine, gammafunk_ghost_arena, serial_shops,
          nicolae_shop_trees, statue_in_the_mist_lemuel
Orc:2:    st_orc_pillars, basic_altar, bloody_trog
Ossuary:  ossuary_tomb_2

Skill      XL: |  1  2  3  4  5  6  7  8  9 10 11 12 13 14 15 16 |
---------------+-------------------------------------------------+-----
Dodging        | 3 4 5 6 7 8 9 10 11 | 11.9
Unarmed Combat | 4 5 7 8 10 12 13 15 16 17 18 19 20 | 20.4
Fighting       | 3 4 5 6 7 8 9 |  9.8
Evocations     | 1 3 4 5 6 7 |  7.9
Armour         | 1 2 3 4 |  4.4
Shields        | 3 5 6 7 |  7.3
Throwing       | 3 |  3.7
Stealth        | |  0.7

Action                   |  1- 3 |  4- 6 |  7- 9 | 10-12 | 13-15 | 16-18 || total
-------------------------+-------+-------+-------+-------+-------+-------++-------
Melee: Unarmed           |   119 |   107 |   311 |   566 |  1058 |   567 ||  2728
       Punch             |       |     1 |    12 |    48 |     2 |       ||    63
Throw: Large rock        |       |       |       |       |     3 |    11 ||    14
Invok: Berserk           |       |     1 |       |     5 |    14 |     7 ||    27
       Trog's Hand       |       |       |     1 |     4 |     3 |     6 ||    14
       Brothers in Arms  |       |       |     1 |     3 |    17 |     7 ||    28
Evoke: Wand              |       |       |       |       |     1 |    17 ||    18
       Phial of floods   |       |       |       |       |       |     2 ||     2
  Use: Scroll            |       |       |    10 |    12 |    11 |     8 ||    41
       Potion            |       |       |       |       |     9 |    23 ||    32
 Stab: Sleeping          |       |       |     2 |     1 |     1 |       ||     4
       Distracted        |       |       |       |       |     1 |       ||     1
       Petrified         |       |       |       |       |     8 |       ||     8
  Eat: Chunk             |     7 |    12 |    20 |    50 |   112 |    32 ||   233
       Ration            |       |       |     3 |       |       |     3 ||     6
Armor: Animal skin       |    65 |    33 |    96 |    11 |       |       ||   205
       Troll leather arm |       |       |       |   204 |   319 |   224 ||   747
Dodge: Dodged            |    84 |    57 |   131 |   396 |   454 |   455 ||  1577
Block: Shield            |       |       |       |       |   459 |   328 ||   787

Table legend:
 A = Non-vault XP
 B = Vault XP
 C = Vault XP percentage of total XP
 D = Non-vault monster count
 E = Vault monster count
 F = Vault count percentage of total count
                 A         B        C        D         E       F
            +---------+---------+-------+---------+---------+-------
      Total |  144698 |   86447 |  37.4 |     681 |     327 |  32.4
            +---------+---------+-------+---------+---------+-------
        D:1 |      26 |       9 |  25.7 |      20 |       7 |  25.9
        D:2 |      58 |       0 |   0.0 |      19 |       0 |   0.0
        D:3 |     274 |     235 |  46.2 |      21 |       7 |  25.0
        D:4 |     264 |       0 |   0.0 |      13 |       0 |   0.0
        D:5 |     256 |     223 |  46.6 |      21 |       2 |   8.7
        D:6 |     207 |       0 |   0.0 |       4 |       0 |   0.0
        D:7 |    1115 |       0 |   0.0 |      21 |       0 |   0.0
        D:8 |     673 |    1836 |  73.2 |      13 |      16 |  55.2
        D:9 |    1647 |    2934 |  64.0 |      28 |       7 |  20.0
       D:10 |    3892 |    1526 |  28.2 |      30 |      32 |  51.6
       D:11 |    3932 |    5214 |  57.0 |      31 |      28 |  47.5
       D:12 |    3823 |    2283 |  37.4 |      23 |      10 |  30.3
       D:13 |    7235 |    7868 |  52.1 |      39 |       8 |  17.0
       D:14 |    5632 |    4054 |  41.9 |      17 |       7 |  29.2
       D:15 |   16332 |    4535 |  21.7 |      46 |       5 |   9.8
     Lair:1 |    4702 |    1832 |  28.0 |      18 |       2 |  10.0
     Lair:2 |    8534 |     549 |   6.0 |      28 |       3 |   9.7
     Lair:3 |    4062 |    9628 |  70.3 |      20 |      22 |  52.4
     Lair:4 |    3861 |     103 |   2.6 |      11 |       1 |   8.3
     Lair:5 |    7239 |       0 |   0.0 |      26 |       0 |   0.0
     Lair:6 |    7345 |   14548 |  66.5 |      25 |      36 |  59.0
    Swamp:1 |    8449 |       0 |   0.0 |      20 |       0 |   0.0
    Swamp:2 |   16760 |       0 |   0.0 |      34 |       0 |   0.0
    Swamp:3 |   17987 |     782 |   4.2 |      49 |       3 |   5.8
    Swamp:4 |   11312 |    7668 |  40.4 |      26 |      12 |  31.6
      Orc:1 |    3082 |    8789 |  74.0 |      45 |      22 |  32.8
      Orc:2 |    5999 |   11414 |  65.5 |      33 |      69 |  67.6
    Ossuary |       0 |     417 | 100.0 |       0 |      28 | 100.0
            +---------+---------+-------+---------+---------+-------
